Map: Dasan Station LE

Players

HeroMarine - Winner!

  • Race: Terran Terran

MarineLorD

  • Race: Terran Terran

Event: 2016 WCS Summer Circuit Championship (DH Montreal)

VOD

Have the link to the VOD?

Description

Time

  • Played on: Aug. 13, 2016, 11:56 a.m.
  • Length: 9:40

All games in this series

Show
View Real Time Build Order
Export as new Build Order

HeroMarine Terran - Winner!

Build Orders: 1/1/1, MMM Bio, Banshee Rush 

Get SALT Encoding   

  12  0:00  SCV  
  13  0:13  SCV  
  14  0:17  Supply Depot  
  14  0:25  SCV  
  15  0:29  Refinery  
  15  0:38  SCV  
  16  0:45  Barracks  
  16  0:50  SCV  
  17  0:57  Refinery  
  17  1:03  SCV  
  18  1:15  SCV  
  20  1:33  Orbital Command  
  20  1:34  Reaper  
  20  1:38  Factory  
  20  1:50  Supply Depot  
  20  1:58  SCV  
  21  2:06  Reaper  
  22  2:11  SCV  
  23  2:22  Hellion  
  25  2:24  Starport, SCV  
  26  2:31  Supply Depot  
  26  2:36  SCV  
  27  2:38  Barracks Tech Lab  
  27  2:45  Hellion  
  27  2:50  SCV  
  30  3:03  SCV  
  31  3:07  Hellion, Cloaking Field  
  31  3:09  Banshee  
  31  3:12  Barracks Reactor  
  36  3:16  Supply Depot  
  36  3:30  SCV  
  33  3:34  Factory Tech Lab  
  31  3:44  SCV  
  32  3:48  Marine x2  
  32  3:51  Banshee  
  32  3:53  Siege Tank  
  40  4:06  Command Center  
  40  4:08  Marine  
  41  4:10  Marine  
  42  4:17  Supply Depot  
  42  4:26  Marine  
  42  4:28  Marine  
  44  4:31  Siege Tank  
  47  4:38  Banshee  
  47  4:44  Marine  
  51  4:48  SCV  
  51  4:49  Marine  
  50  5:02  Engineering Bay, Marine  
  50  5:04  Siege Tank  
  50  5:05  SCV  
  55  5:16  Marine  
  54  5:21  Orbital Command  
  54  5:31  SCV  
  54  5:34  Marine  
  51  5:36  Marine, Siege Tank  
  51  5:42  Viking  
  57  5:43  SCV  
  57  5:52  Marine  
  57  5:54  Marine  
  57  5:55  SCV x2  
  49  6:07  SCV x2  
  49  6:09  Siege Tank  
  54  6:19  SCV x2  
  55  6:31  SCV  
  54  6:33  SCV  
  54  6:34  Marine  
  54  6:36  Viking x2  
  60  6:43  SCV  
  60  6:44  Barracks  
  60  6:45  Barracks x2  
  61  6:47  SCV  
  61  6:49  Barracks  
  61  6:53  Marine, Stimpack  
  63  7:00  SCV x2  
  63  7:01  Refinery  
  65  7:02  Refinery  
  65  7:04  Supply Depot  
  65  7:05  Viking  
  67  7:09  Viking  
  67  7:11  Marine  
  70  7:16  Supply Depot  
  70  7:21  SCV x2  
  72  7:24  Supply Depot  
  72  7:26  Terran Infantry Weapons Level 1  
  72  7:29  Marine  
  73  7:33  SCV x2  
  73  7:34  Barracks Reactor  
  73  7:36  Barracks Reactor  
  75  7:39  Barracks Tech Lab  
  74  7:45  Marine, SCV x2  
  74  7:47  Missile Turret, Marine  
  73  7:57  Missile Turret, SCV x2  
  74  7:58  Combat Shields  
  74  7:59  Marine  
  74  8:03  Marine  
  74  8:04  Viking  
  78  8:08  Viking  
  80  8:14  SCV  
  80  8:16  Supply Depot  
  80  8:17  SCV  
  80  8:20  Marine  
  80  8:21  Marine  
  80  8:22  Marauder  
  80  8:26  Marauder  
  86  8:30  Marine x2  
  86  8:32  Marine  
  89  8:38  Marine  
  89  8:39  Marine  
  84  8:43  Marine  
  84  8:47  Marine  
  84  8:48  Marine  
  82  8:50  Marauder  
  82  8:53  Marine  
  81  8:57  Marine  
  81  9:01  Marauder  
  79  9:03  Marine  
  79  9:06  Medivac, Marine, Marauder  
  79  9:09  Medivac  
  78  9:12  Marine  
  78  9:16  Marauder  
Show
View Real Time Build Order
Export as new Build Order

MarineLorD Terran 

Build Orders: Hellion Opening, Mech 

Get SALT Encoding   

  12  0:00  SCV  
  13  0:12  SCV  
  14  0:17  Supply Depot  
  14  0:24  SCV  
  15  0:30  Refinery  
  15  0:38  SCV  
  16  0:44  Barracks  
  16  0:50  SCV  
  17  1:02  SCV  
  18  1:15  SCV  
  19  1:30  Marine, Orbital Command  
  19  1:32  Factory  
  20  1:43  Supply Depot  
  20  1:49  Reaper  
  21  1:55  SCV  
  22  2:07  SCV  
  23  2:11  Command Center  
  23  2:16  Hellion  
  23  2:20  SCV  
  23  2:22  Barracks Reactor  
  26  2:28  Supply Depot  
  26  2:32  SCV  
  27  2:38  Refinery  
  27  2:39  Hellion  
  30  2:44  SCV  
  30  2:52  Starport  
  30  2:56  SCV  
  30  3:07  Hellion x2  
  30  3:09  Barracks Tech Lab  
  30  3:10  SCV  
  35  3:22  SCV  
  36  3:29  Hellion x2  
  37  3:35  Viking  
  37  3:41  Engineering Bay  
  39  3:48  SCV  
  39  3:53  Hellion  
  44  3:56  Hellion  
  44  4:01  Orbital Command  
  44  4:08  Missile Turret  
  44  4:12  SCV  
  45  4:17  Missile Turret  
  45  4:21  Raven  
  47  4:24  SCV  
  47  4:31  SCV  
  47  4:36  SCV  
  46  4:43  SCV  
  47  4:48  Hellion x2, SCV  
  47  4:52  Supply Depot  
  52  4:56  SCV  
  53  5:00  SCV  
  53  5:02  Supply Depot  
  54  5:13  SCV x2  
  60  5:22  Hellion, Viking  
  60  5:23  Hellion  
  60  5:25  SCV x2  
  56  5:37  SCV x2  
  56  5:42  Barracks Reactor  
  58  5:45  Factory  
  58  5:49  SCV x2  
  48  6:01  SCV x2  
  48  6:02  Hellion, Banshee  
  48  6:03  Hellion  
  54  6:14  SCV x2  
  58  6:26  SCV x2  
  50  6:33  Refinery x2  
  50  6:38  SCV x2  
  48  6:44  Hellion, Banshee  
  48  6:45  Hellion  
  54  6:48  Widow Mine x2  
  54  6:49  Marine  
  54  6:50  SCV x2  
  59  7:01  Factory  
  59  7:02  SCV x2  
  59  7:08  Barracks Tech Lab  
  61  7:12  Supply Depot x2  
  61  7:14  SCV  
  62  7:15  SCV  
  62  7:16  Hellion x2  
  67  7:26  SCV  
  67  7:28  SCV  
  69  7:30  Infernal Pre-Igniter  
  69  7:34  Siege Tank  
  69  7:35  Supply Depot  
  69  7:36  Supply Depot, Refinery  
  72  7:37  Supply Depot  
  72  7:38  Hellion x2, Viking, SCV  
  72  7:40  SCV  
  72  7:41  Viking  
  82  7:53  Armory  
  79  7:58  Command Center  
  79  7:59  Cyclone  
  79  8:04  Hellion x2  
  87  8:07  SCV  
  88  8:13  Viking  
  88  8:14  Viking  
  90  8:22  Cyclone  
  80  8:42  Thor  
  80  8:44  Viking  
  72  8:56  SCV x2  
  63  9:08  SCV x2  
  60  9:20  SCV  
Tags
 
Add a new tag
Caveats
  • Supply blocks, unpowered buildings, or Contaminate may cause inaccurate times.
  • Supply counts are checked every 10 seconds.